 Dungeon Crawl Stone Soup version 0.26.0-10-g1f06aea511 (webtiles) character file.

Game seed: 10996889408669410682

122 Arthanis the Firebug (level 4, -5/24 HPs)
             Began as a Deep Elf Fire Elementalist on Jan 16, 2021.
             Slain by Sigmund
             ... wielding a +0 scythe
              (7 damage)
             ... on level 3 of the Dungeon.
             The game lasted 00:04:17 (3425 turns).

Arthanis the Firebug (Deep Elf Fire Elementalist)   Turns: 3425, Time: 00:04:18

Health: -5/24      AC:  4    Str:  5    XL:     4   Next: 78%
Magic:  8/12       EV: 13    Int: 27    God:
Gold:   157        SH:  0    Dex: 15    Spells: 3/11 levels left

rFire    . . .     SeeInvis .   g - +0 dagger
rCold    . . .     Faith    .   (no shield)
rNeg     + . .     Spirit   .   a - +0 robe
rPois    .         Reflect  .   n - +0 helmet
rElec    .         Harm     .   c - +0 cloak
rCorr    .         Rampage  .   (no gloves)
Will     .....                  (no boots)
Stlth    ++........             (no amulet)
HPRegen  0.08/turn              k - ring of positive energy
MPRegen  0.13/turn              m - +6 ring of intelligence

@: no status effects
A: no striking features
a: no special abilities


You were on level 3 of the Dungeon.
You visited 1 branch of the dungeon, and saw 3 of its levels.

You collected 157 gold pieces.

Inventory:

Hand Weapons
 g - a +0 dagger (weapon)
 i - a cursed -1 trident
Armour
 a - a +0 robe (worn)
 c - a +0 cloak (worn)
 n - a +0 helmet (worn)
Jewellery
 k - a ring of positive energy (left hand)
 m - a +6 ring of intelligence (right hand)
Wands
 j - a wand of flame (17)
Scrolls
 b - 3 scrolls of teleportation
 d - 4 scrolls of amnesia {unknown}
 e - a scroll of enchant weapon {unknown}
 f - a scroll of identify {unknown}
 l - a scroll of fear {unknown}
Potions
 h - a potion of heal wounds {unknown}
 o - a potion of lignification {unknown}
 p - a potion of curing {unknown}


   Skills:
 - Level 2.4 Dodging
 - Level 2.4 Stealth
 + Level 4.2 Spellcasting
 + Level 2.7 Conjurations
 * Level 4.9 Fire Magic


You had 3 spell levels left.
You knew the following spells:

 Your Spells              Type           Power        Failure   Level
a - Foxfire               Conj/Fire      100%         1%          1
b - Conjure Flame         Conj/Fire      26%          4%          3
c - Sticky Flame          Conj/Fire      26%          16%         4

Your spell library contained the following spells:

 Spells                   Type           Power        Failure   Level
 Inner Flame              Hex/Fire       19%          9%          3
 Fireball                 Conj/Fire      13%          41%         5


Dungeon Overview and Level Annotations

Branches:
Dungeon (3/15)

Altars:
Dithmenos
Hepliaklqana
Makhleb
Vehumet
Xom
Zin

Annotations:
D:3 Sigmund


Message History

Your foxfire dissipates! x2
You hear a shout!
You hit something but do no damage. Something hits you!
Casting: Foxfire (safe; 1% risk of failure)
Confirm with . or Enter, or press ? or * to list all spells.
You conjure some foxfire!
Something hits you!
Ouch! That really hurt!
* * * LOW HITPOINT WARNING * * *
Casting: Foxfire (safe; 1% risk of failure)
Confirm with . or Enter, or press ? or * to list all spells.
You conjure some foxfire!
The foxfire hits something.
The foxfire hits something!
Casting: Foxfire (safe; 1% risk of failure)
Confirm with . or Enter, or press ? or * to list all spells.
You conjure some foxfire!
The foxfire hits something!
The foxfire hits something.
Casting: Foxfire (safe; 1% risk of failure)
Confirm with . or Enter, or press ? or * to list all spells.
You conjure some foxfire!
The foxfire hits something. x2; Something hits you!
You die...

########### ### ### #.
#.# #.## ##† #.# # ##.##
##.# #.#.# ##.###..#
#.#####.#.# ##...#.# ...
............# ##.##.#
#.# ...#
#.(.#########.##.# #.#
##...##.v.........#.##.#
#..
.......@...............#
#.#
.#.####v§###############
### #.# .# #..# ..#
#.###..$# #..#
#.###........ #..#
#........###. #†.#
#######..# ...# #.# ####
...


There were no monsters in sight!

Vanquished Creatures
  An orc wizard (D:3)
  2 adders (D:2)
  2 oozes (D:1)
  3 worms (D:3)
  3 dart slugs
  A leopard gecko (D:2)
  3 orcs (D:3)
  5 goblins
  6 hobgoblins
  5 bats
  3 frilled lizards
  12 kobolds
  6 rats
52 creatures vanquished.

Vanquished Creatures (others)
  238 foxfires
238 creatures vanquished.

Grand Total: 290 creatures vanquished

Notes
Turn   | Place    | Note
-------+----------+-------------------------------------------
     0 | D:1      | Arthanis the Deep Elf Fire Elementalist began the quest for
                  | the Orb.
     0 | D:1      | Reached XP level 1. HP: 10/10 MP: 6/6
   346 | D:1      | Reached XP level 2. HP: 14/15 MP: 4/8
  1300 | D:2      | Reached XP level 3. HP: 19/19 MP: 6/10
  1304 | D:2      | Learned a level 3 spell: Conjure Flame
  1580 | D:2      | Found a hazy altar of Hepliaklqana.
  1598 | D:2      | Found a shimmering altar of Xom.
  1599 | D:2      | Noticed a spectral ugly thing
  1721 | D:2      | Found a shadowy altar of Dithmenos.
  1807 | D:2      | Found a burning altar of Makhleb.
  1809 | D:2      | Found a glowing silver altar of Zin.
  1811 | D:2      | Noticed an angel
  1813 | D:2      | Noticed an Executioner
  2450 | D:3      | Reached XP level 4. HP: 24/24 MP: 8/11
  2455 | D:3      | Learned a level 4 spell: Sticky Flame
  2921 | D:3      | Found a radiant altar of Vehumet.
  3234 | D:3      | Noticed Sigmund
  3422 | D:3      | HP: 1/24 [something (14)]
  3425 | D:3      | Slain by Sigmund

Illustrated notes

Levels and vault maps discovered:
D:1:      elethiomel_arrival_maze, layout_loops_corners
D:2:      layout_basic, grunt_temple_overflow_order_and_chaos_2,
          regret_index_temple_of_mockery, grunt_dithmenos_smoke_and_mirrors
D:3:      minmay_razor_zed, layout_loops_ring, general_overflow_altar,
          uniq_sigmund

Skill      XL: |  1  2  3  4 |
---------------+-------------+-----
Fire Magic     | 4 |  4.9
Conjurations   | 2 |  2.7
Spellcasting   | 4 |  4.2
Dodging        | |  2.4
Stealth        | |  2.4

Action                   |  1- 3 |  4- 6 || total
-------------------------+-------+-------++-------
Melee: Unarmed           |     4 |       ||     4
       Dagger            |       |     1 ||     1
 Cast: Foxfire           |    91 |    66 ||   157
  Use: Scroll            |       |     1 ||     1
Armor: Robe              |     5 |     2 ||     7
Dodge: Dodged            |    12 |     2 ||    14
